 Dungeon Crawl Stone Soup version 0.30-b1-2-g02819fbbbe (webtiles) character file.

Game seed: 8172389219557909238

1512 raph the Covert (level 9, 0/52 HPs)
             Began as a Kobold Enchanter on Jan 8, 2024.
             Was an Initiate of Ashenzari.
             Shot with an arrow by a centaur (4 damage)
             ... on level 6 of the Dungeon.
             The game lasted 00:09:31 (6417 turns).

raph the Covert (Kobold Enchanter)                  Turns: 6417, Time: 00:09:32

Health: 0/52       AC:  7    Str:  5    XL:     9   Next: 9%
Magic:  6/15       EV: 16    Int: 17    God:    Ashenzari [......]
Gold:   146        SH:  0    Dex: 19    Spells: 5/16 levels left

rFire   . . .        a - +7 captain's cutlass {speed, disarm, Melee, Fort} (curse)
rCold   . . .        (no shield)
rNeg    . . .        b - +0 robe
rPois   .            q - +2 hat
rElec   .            o - +2 cloak
rCorr   .            (no gloves)
SInv    +            (no boots)
Will    .....        (no amulet)
Stlth   ++++++       j - ring of see invisible
HPRegen 0.28/turn    g - +4 ring of slaying
MPRegen 0.14/turn

%: no passive effects
@: no status effects
A: small, no large weapons, nightstalker 3
a: Renounce Religion, Shatter the Chains


You were on level 6 of the Dungeon.
You worshipped Ashenzari.
Ashenzari was noncommittal.
You visited 2 branches of the dungeon, and saw 7 of its levels.

You collected 266 gold pieces.
You spent 120 gold pieces at shops.

Inventory:

Hand Weapons
 a - the cursed +7 captain's cutlass (weapon) {speed, disarm, Melee, Fort}
   (You took it off an orc on level 4 of the Dungeon)

   It has a curse which improves the following skills: Melee Combat: Short
   Blades, Long Blades, Axes, Maces & Flails, Polearms, Staves and Unarmed
   Combat.
   Fortitude: Armour and Shields.
 s - a +1 dagger
Missiles
 t - 3 poisoned darts (quivered)
Armour
 b - a +0 robe (worn)
 c - a +0 leather armour of cold resistance
 d - a +0 buckler
 o - a +2 cloak (worn)
 q - a +2 hat (worn)
Jewellery
 g - a +4 ring of slaying (right hand)
 j - a ring of see invisible (left hand)
 n - an amulet of guardian spirit
Wands
 i - a wand of iceblast (26)
 v - a wand of quicksilver (6)
Scrolls
 m - a scroll of magic mapping
Potions
 e - 2 potions of heal wounds
 f - 3 potions of brilliance
 h - 4 potions of curing
 k - a potion of ambrosia {unknown}
 l - a potion of haste
 p - a potion of might
 r - a potion of attraction


   Skills:
 + Level 4.5 Fighting
 + Level 5.7(6.1) Short Blades
 + Level 3.8 Dodging
 * Level 9.7 Stealth
 + Level 4.2 Spellcasting
 + Level 5.2 Hexes


You had 5 spell levels left.
You knew the following spells:

 Your Spells              Type           Power      Damage    Failure   Level
a - Ensorcelled Hibernat  Hex/Ice        24%        N/A       9%          2
b - Confusing Touch       Hex            21%        N/A       5%          3
c - Tukima's Dance        Hex            21%        N/A       5%          3
d - Dazzling Flash        Conj/Hex       24%        N/A       16%         3

Your spell library contained the following spells:

 Spells                   Type           Power      Damage    Failure   Level
 Summon Lightning Spire   Summ/Air       3%         N/A       83%         4
 Storm Form               Tmut/Air       1%         N/A       100%        7
 Maxwell's Capacitive Co  Air            1%         ∞         100%        8


Dungeon Overview and Level Annotations

Branches:
Dungeon (6/15)             Temple (1/1) D:4

Altars:
Ashenzari
Cheibriados
Dithmenos
Elyvilon
Fedhas
Hepliaklqana
Kikubaaqudgha
Makhleb
Okawaru
Qazlal
Trog
Uskayaw
Vehumet
Wu Jian
Xom
Zin
The Shining One

Shops:
D:2 !   D:3 :


Innate Abilities, Weirdness & Mutations

You are small and have problems with some larger weapons.
You are completely attuned to the shadows.


Message History

You closely miss the centaur. The centaur closely misses you.
The centaur barely misses you. The white imp misses you.
You puncture the centaur!
The centaur is heavily wounded.
The centaur barely misses you. The centaur kicks you.
The white imp barely misses you.
You barely miss the white imp.
A scorpion comes into view.
The centaur hits you but does no damage.
The centaur kicks you but does no damage.
You puncture the white imp!
The white imp is almost dead.
The centaur completely misses you. The centaur closely misses you.
The white imp misses you.
You barely miss the centaur.
The centaur is moderately wounded.
The centaur hits you.
The centaur kicks you but does no damage.
You barely miss the centaur.
The centaur is moderately wounded.
The white imp misses you.
The centaur hits you but does no damage.
The centaur kicks you.
Casting: Dazzling Flash (dangerous; 16% risk of failure)
Confirm with . or Enter, or press ? or * to list all spells.
Aiming: Ensorcelled Hibernation (safe; 9% risk of failure)
Press: ? - help, Shift-Dir - straight line, f - centaur
Aim: a centaur (moderately wounded, chance to affect: 46%)
The centaur resists with some effort.
The centaur hits you. The centaur closely misses you. The white imp hits you.
The white imp freezes you.
* * * LOW HITPOINT WARNING * * *
The centaur wields a +0 shortbow.
The centaur shoots an arrow.
The arrow hits you.
* * * LOW HITPOINT WARNING * * *
The white imp gestures at you. The puff of frost hits you.
* * * LOW HITPOINT WARNING * * *
The centaur shoots an arrow.
The arrow hits you.
You die...

##.....##..# ###
##8.8##....
...########'##....#
#..........+......
##..########.....#
#)## ....## #.####
...... ##....#
#+##.# #@..#.# ...
#)#.# . ###
#'[5c##.# ...
#...S. .# ##.
#..!..# ... #.....#
##. #.. #.# ...


You could see a water moccasin, a centaur and a white imp.

Vanquished Creatures
  Eustachio (D:5)
  Duvessa (D:4)
  A black bear (D:5)
  An ice beast (D:5)
  A sky beast (D:6)
  2 ogres (D:5)
  A bullfrog (D:6)
  2 scorpions (D:5)
  Dowan (D:4)
  A jelly (D:6)
  4 hounds
  Ijyb (D:3)
  A sleepcap (D:4)
  4 iguanas
  2 orc wizards
  10 adders
  6 gnolls
  A white imp (D:5)
  3 ufetubi
  2 worms
  4 dart slugs
  9 orcs
  A bat (D:1)
  5 endoplasms
  7 giant cockroaches
  6 goblins
  6 hobgoblins
  5 kobolds
  3 quokkas
  5 ball pythons
  4 frilled lizards
  5 rats
106 creatures vanquished.

Vanquished Creatures (others)
  An iguana (D:6)
  An adder (D:6)
2 creatures vanquished.

Grand Total: 108 creatures vanquished

Notes
Turn   | Place    | Note
-------+----------+-------------------------------------------
     0 | D:1      | raph the Kobold Enchanter began the quest for the Orb.
     0 | D:1      | Reached XP level 1. HP: 10/10 MP: 3/3
   100 | D:1      | Reached XP level 2. HP: 16/16 MP: 5/5
   517 | D:1      | Reached skill level 1 in Fighting
   517 | D:1      | Reached XP level 3. HP: 20/20 MP: 6/6
   520 | D:1      | Learned a level 2 spell: Ensorcelled Hibernation
   524 | D:1      | Learned a level 3 spell: Confusing Touch
   551 | D:1      | You fall into a shaft and drop 1 floor!
   762 | D:2      | Found Temn's Distillery.
  1086 | D:2      | Reached skill level 5 in Stealth
  1397 | D:2      | Reached XP level 4. HP: 25/25 MP: 7/7
  1667 | D:2      | Bought a potion of curing for 36 gold pieces
  2008 | D:3      | Found Taoloe's Book Shoppe.
  2125 | D:3      | Noticed Ijyb
  2130 | D:3      | Killed Ijyb
  2131 | D:3      | Reached XP level 5. HP: 30/30 MP: 8/8
  2169 | D:3      | Found a faded altar of an unknown god.
  2588 | D:3      | Reached skill level 6 in Stealth
  2832 | D:3      | Found a stormy altar of Qazlal.
  3082 | D:4      | Found an ornate altar of the Wu Jian Council.
  3170 | D:4      | Noticed Duvessa
  3172 | D:4      | Noticed Dowan
  3188 | D:4      | HP: 1/30 [Duvessa/+0 short sword (9)]
  3485 | D:4      | Learned a level 3 spell: Tukima's Dance
  3554 | D:4      | Reached XP level 6. HP: 36/36 MP: 9/9
  3645 | D:2      | Bought a potion of might for 48 gold pieces
  3645 | D:2      | Bought a potion of flight for 36 gold pieces
  4074 | D:4      | Killed Dowan
  4088 | D:4      | Killed Duvessa
  4089 | D:4      | Reached skill level 7 in Stealth
  4089 | D:4      | Reached XP level 7. HP: 13/40 MP: 3/11
  4416 | D:4      | Found a staircase to the Ecumenical Temple.
  4431 | Temple   | Entered the Ecumenical Temple
  4702 | Temple   | Became a worshipper of Ashenzari the Shackled
  4868 | D:5      | Entered Level 5 of the Dungeon
  4910 | D:5      | Learned a level 3 spell: Dazzling Flash
  4963 | D:5      | Found a hide-covered altar of Uskayaw.
  5074 | D:5      | Found a radiant altar of Vehumet.
  5295 | D:5      | Reached skill level 8 in Stealth
  5477 | D:5      | Reached XP level 8. HP: 46/46 MP: 12/12
  5669 | D:5      | Noticed Eustachio
  5673 | D:5      | Killed Eustachio
  5674 | D:5      | Reached skill level 5 in Short Blades
  5682 | D:5      | Reached skill level 9 in Stealth
  6267 | D:6      | Reached skill level 5 in Hexes
  6387 | D:6      | Reached XP level 9. HP: 52/52 MP: 11/15
  6417 | D:6      | Shot with an arrow by a centaur

Illustrated notes

Levels and vault maps discovered:
D:1:      reono_arrival_mine, layout_basic
D:2:      layout_basic, serial_shops, shop, feat_on_display
D:3:      layout_loops_cross, nicolae_overflow_ecumenical_swirl, serial_shops,
          nicolae_shop_window_shopping, uniq_ijyb
D:4:      layout_cave_pods, lemuel_doored_altar, temple_pool_b, minmay_circle_x,
          uniq_duvessa
D:5:      layout_basic, kennysheep_mini_moat, mainiacjoe_overflow_brackets,
          corexii_item_surrounded_by_moat, uniq_eustachio
D:6:      layout_basic, lemuel_mausoleum_altar_yredelemnul, dk_noncrumbling_4,
          minmay_joined_circles, uniq_maggie
Temple:   dshaligram_water_room_temple

Skill      XL: |  1  2  3  4  5  6  7  8 |
---------------+-------------------------+-----
Short Blades   | 2 3 4 5 |  5.7
Fighting       | 1 2 3 4 |  4.5
Stealth        | 5 6 7 8 9 |  9.7
Hexes          | 4 5 |  5.2
Spellcasting   | 3 4 |  4.2
Dodging        | 3 |  3.8

Action                     |  1- 3 |  4- 6 |  7- 9 || total
---------------------------+-------+-------+-------++-------
  Melee: Dagger            |    59 |    49 |       ||   108
         Punch             |     1 |     1 |       ||     2
         Cutlass           |       |     9 |    91 ||   100
   Cast: Ensorcelled Hiber |       |    13 |    10 ||    23
         Confusing Touch   |       |     2 |     1 ||     3
         Dazzling Flash    |       |       |     3 ||     3
 Invoke: Curse Item        |       |       |     1 ||     1
  Evoke: Wand              |       |     1 |       ||     1
    Use: Scroll            |     2 |     2 |     3 ||     7
         Potion            |       |     2 |     1 ||     3
   Stab: Sleeping          |    28 |    26 |    15 ||    69
         Confused          |       |     1 |       ||     1
         Invisible         |       |     2 |     4 ||     6
         Distracted        |       |     1 |     2 ||     3
 Armour: Robe              |     3 |     3 |    18 ||    24
  Dodge: Dodged            |    22 |    27 |    52 ||   101
